Unix NetHack Version 5.0.0-0 post-release - last build May 17 2026 04:57:42 (dc50c8380fa5e20985bfe3072449f57b8d9895ef,branch:main).

Game began 2026-05-18 17:11:14, ended 2026-05-18 17:16:46.

ArrBianca, lawful female dwarven Archeologist

                          ---
 -----------               .
 |.........|               .
 |.......<.|               |
 |.........|
 |.........|
 |.........|
 ----.------
     #
     ##         ###0
      #         #
      #         #
   ---|----     #  --------.- ##             ...-
   |.......##   ###......>..|##                 |
   |......|    ##  |..@....F|#
   |.......######  |.........#
   --------        ----------

ArrBianca the Field Worker  St:12 Dx:11 Co:12 In:16 Wi:14 Ch:9  Lawful
Dlvl:3  $:15 HP:16(30) Pw:7(7) AC:9  Xp:3 T:1043 

Latest messages:
 The wererat bites!
 You lash the wererat.
 The sewer rat bites!
 The sewer rat bites!
 The wererat bites!
 You lash the wererat.
 The sewer rat bites!
 The sewer rat bites!
 The wererat bites!
 What do you want to drink? [q or ?*] q
 You feel better.
 The sewer rat bites!
 The sewer rat bites!
 The wererat bites!
 You kill the wererat!
 The sewer rat bites!
 The sewer rat bites!
 You miss the sewer rat.
 The sewer rat bites!
 The sewer rat bites!
 You kill the sewer rat!
 The sewer rat misses!
 You kill the sewer rat!
 You learn more about your items by comparing them.
 d - an uncursed food ration (6 in total).
 You stop waiting.
 You kill the goblin!
 The iguana bites!
 You lash the iguana.
 The iguana bites!
 You lash the iguana.
 You lash the iguana.
 You kill the iguana!
 You see here an iguana corpse.
 There is an iguana corpse here; eat it? [ynq] (n) y
 This iguana corpse tastes okay.
 You finish eating the iguana corpse.
 You hear rumbling in the distance.
 With great effort you move the boulder.
 v - a murky potion.
 You miss the giant rat.
 The giant rat bites!
 You kill the giant rat!
 You see here a giant rat corpse.
 There is a giant rat corpse here; eat it? [ynq] (n) y
 This giant rat corpse is tough.
 You cannibal!  You will regret this!
 You finish eating the giant rat corpse.
 Really quit without saving? [yn] (n) y
 Do you want an account of creatures vanquished? [ynaq] (y) q

Inventory:
 Coins    ('$')
  $ - 15 gold pieces
 Weapons  (')')
  s - a blessed +3 orcish dagger
  l - a +0 orcish dagger
  a - a +2 bullwhip (weapon in right hand)
 Armor    ('[')
  c - an uncursed +0 fedora (being worn)
  r - an uncursed +0 orcish helm
  u - a cursed -1 pair of fumble boots
  b - an uncursed +0 leather jacket (being worn)
 Comestibles  ('%')
  d - 6 uncursed food rations
  k - 2 uncursed homemade tins of goblin meat
 Scrolls  ('?')
  j - an uncursed scroll of enchant weapon
  p - an uncursed scroll of light
 Spellbooks  ('+')
  i - a cursed spellbook of restore ability
 Potions  ('!')
  v - an uncursed potion of monster detection
 Tools    ('(')
  h - an empty uncursed sack
  e - a +0 pick-axe (alternate weapon; not wielded)
  f - a tinning kit (0:86)
 Gems/Stones  ('*')
  g - an uncursed touchstone

ArrBianca the Archeologist's attributes:

Background:
 You were a Field Worker, a level 3 female dwarven Archeologist.
 You were lawful, nominally on a mission for Quetzalcoatl
 who was opposed by Camaxtli (neutral) and Huhetotl (chaotic).
 You were right-handed.
 You were in the Dungeons of Doom, on level 3.
 You entered the dungeon 1043 turns ago.
 There was a new moon in effect when your adventure ended.
 You had 65 experience points, 15 more were needed to attain level 4.

Basics:
 You had 16 out of 30 hit points.
 You had all 7 energy points (spell power).
 Your armor class was 9.
 Your wallet contained 15 zorkmids.
 Autopickup was on for '$?!/="+%' plus thrown, with exceptions.

Final Characteristics:
 Your strength was 12 (limit:18/100).
 Your dexterity was 11 (limit:20).
 Your constitution was 12 (limit:20).
 Your intelligence was 16 (limit:16).
 Your wisdom was 14 (limit:16).
 Your charisma was 9 (limit:16).

Final Status:
 You weren't hungry.
 You were unencumbered.
 You were wielding a whip.
 You had basic skill with whip.

Final Attributes:
 You were devoutly aligned.
 You were level-drain resistant.
 You had automatic searching.
 You had infravision.
 You aggravated monsters.
 You were a wererat.
 You were harmed by silver.
 You were unlucky.
 You survived.

Miscellaneous:
 You didn't encounter any bones levels.
 Total elapsed playing time was 5 minutes and 32 seconds.

Major events:
 Turn
    1: ArrBianca the lawful female dwarven Archeologist entered the dungeon
  799: attained the rank of Field Worker (level 3)
 1043: quit

You didn't know any spells.

Skills:
 Fighting Skills
   bare handed combat [Unskilled]
   two weapon combat  [Unskilled]
   riding             [Unskilled]
 Weapon Skills
   dagger             [Unskilled]
   knife              [Unskilled]
   pick-axe           [Basic]
   short sword        [Unskilled]
   saber              [Unskilled]
   club               [Unskilled]
   quarterstaff       [Unskilled]
   sling              [Unskilled]
   dart               [Unskilled]
   boomerang          [Unskilled]
   whip               [Basic]
   unicorn horn       [Unskilled]
 Spellcasting Skills
   attack spells      [Unskilled]
   healing spells     [Unskilled]
   divination spells  [Unskilled]
   matter spells      [Unskilled]

Voluntary challenges:
 Character rerolling was not enabled.
 You were an atheist.
 You never had a pet.
 You never genocided any monsters.
 You never polymorphed an object.
 You never changed form.
 You used no wishes.
Achievement:
 You attained the rank of Field Worker.

 The Dungeons of Doom: levels 1 to 3
    Level 1:
       Many fountains.
    Level 2:
       Some fountains, a grave.
    Level 3: <- You were here.


Vanquished creatures:
  a wererat
 an iguana
  2 giant rats
  a fox
  4 goblins
  2 sewer rats
  4 grid bugs
  2 lichens
  a kobold zombie
  5 newts
23 creatures vanquished.

No species were genocided or became extinct.

Goodbye ArrBianca the Archeologist...

You quit in The Dungeons of Doom on dungeon level 3 with 385 points,
and 15 pieces of gold, after 1043 moves.
You were level 3 with a maximum of 30 hit points when you quit.

